 Dungeon Crawl Stone Soup version 0.17-a0-2002-g92c7e20 (webtiles) character file.

43 4thArraOfDagon the Gusty (level 3, -9/28 HPs)
             Began as a Centaur Air Elementalist on Oct 8, 2015.
             Was an Initiate of Okawaru.
             Killed by divine providence
             ... invoked by an orc priest
              (11 damage)
             ... on level 5 of the Dungeon.
             The game lasted 00:07:59 (1444 turns).

4thArraOfDagon the Gusty (Centaur Air Elementalist) Turns: 1444, Time: 00:07:59

Health: -9/28      AC:  4    Str: 10    XL:     3   Next: 37%
Magic:  5/5        EV:  9    Int: 15    God:    Okawaru [......]
Gold:   111        SH:  0    Dex:  9    Spells: 2 memorised, 2 levels left

rFire  . . .     SeeInvis .     e - +0 morningstar
rCold  . . .     Clarity  .     a - +0 robe
rNeg   . . .     SustAt   .     (no shield)
rPois  .         Gourm    .     (no helmet)
rElec  .         Spirit   .     (no cloak)
rCorr  .         Warding  .     (no gloves)
rMut   .         Stasis   .     (no barding)
MR     .....                    (no amulet)
Stlth  +.........               (no ring)
                                (no ring)

@: repel missiles, very quick, not resistant to hostile enchantments, very
unstealthy
A: hooves 3, deformed body, speed 2, tough skin 3
a: Renounce Religion


You were on level 5 of the Dungeon.
You worshipped Okawaru.
Okawaru was noncommittal.
You were hungry.

You visited 1 branch of the dungeon, and saw 5 of its levels.

You collected 111 gold pieces.

Inventory:

Hand Weapons
 d - a +0 short sword
 e - a +0 morningstar (weapon)
Armour
 a - a +0 robe (worn)
 g - a +1 ring mail of cold resistance
Scrolls
 h - 4 scrolls of random uselessness
 j - 2 scrolls of identify {unknown}
 n - a scroll of remove curse
 o - a scroll of noise {unknown}
Potions
 i - a potion of mutation {unknown}
 k - a potion of beneficial mutation {unknown}
 l - a potion of heal wounds {unknown}
Books
 b - a book of Air

   Spells                             Type                      Level
   a - Shock                          Conjuration/Air              1
   b - Swiftness                      Charms/Air                   2
   c - Repel Missiles                 Charms/Air                   2
   d - Static Discharge               Conjuration/Air              3
   e - Lightning Bolt                 Conjuration/Air              5
Comestibles
 c - 4 bread rations
 f - 3 meat rations


   Skills:
 - Level 1.0 Fighting
 * Level 1.0 Maces & Flails
 - Level 1.3 Dodging
 - Level 1.2 Stealth
 + Level 1.6 Spellcasting
 * Level 1.6 Conjurations
 - Level 3.0 Air Magic
 + Level 0.4 Invocations


You had 2 spell levels left.
You knew the following spells:

 Your Spells              Type           Power        Failure   Level  Hunger
a - Shock                 Conj/Air       #...         12%         1    ##.....
b - Repel Missiles        Chrm/Air       #.....       21%         2    ###....


Dungeon Overview and Level Annotations

Branches:
Dungeon (5/15)             Temple (0/1) D:5

Altars:
Elyvilon
Okawaru
Yredelemnul
The Shining One

Shops:
D:4 (   D:5 :(:

Annotations:
D:5 Edmund; tp1's ghost, amateur GrBe


Innate Abilities, Weirdness & Mutations

You have hooves in place of feet.
Armour fits poorly on your strangely shaped body.
You cover ground very quickly.
You have extremely tough skin (AC +3).


Message History

Unknown command.
j - 2 scrolls labeled ITHREG LATATOI (gained 1)
The gnoll hits you from afar with a halberd.
Unknown command.
Unknown command.
Unknown command.
Unknown command.
Unknown command.
Unknown command.
Unknown command.
An orc priest comes into view. It is wielding a club.
The orc priest mumbles some strange prayers to Beogh against you.
Something smites you!
* * * LOW HITPOINT WARNING * * *
Unknown command.
Unknown command.
Unknown command.
The orc priest calls down the wrath of Beogh upon you.
Something smites you!
You die...

#.#.#.#.# .. #.#.#.#.# .. .$
#.#'#.# #......≈≈≈≈
#.....##########o...≈≈≈≈≈≈
#.....##..........≈≈≈≈≈≈≈≈
#.....##.......#.≈≈≈≈≈≈...
#.....##.......#.≈≈≈≈≈≈.>.
##...###.......#.≈≈≈≈≈≈... #
#.#.## #.@.....#.≈≈≈≈≈≈≈.≈
#.#.#...####.######gg.≈≈≈≈≈≈.≈
#....<.......# #.....≈≈≈≈.≈
##........#### ##.......≈≈.≈
#............ .......g.......
#.........### ####..gg....##.
#.#......... ......(...##
#....#.###### ##........#
######.# #........#


You could see an orc priest and 2 gnolls.

Vanquished Creatures
  A worm (D:4)
  A giant gecko (D:3)
  4 orcs (D:3)
  A ball python (D:4)
  3 bats
  3 giant cockroaches (D:2)
  4 hobgoblins
  A quokka (D:2)
  A giant gecko skeleton (D:4)
  6 goblins
  3 kobolds
  5 rats
33 creatures vanquished.

Notes
Turn   | Place    | Note
--------------------------------------------------------------
     0 | D:1      | 4thArraOfDagon the Centaur Air Elementalist began the quest for the Orb.
     0 | D:1      | Reached XP level 1. HP: 14/14 MP: 3/3
    35 | D:1      | Reached skill level 1 in Fighting
    41 | D:1      | Reached skill level 1 in Conjurations
   165 | D:3      | Reached XP level 2. HP: 14/23 MP: 0/4
   168 | D:3      | Noticed an orc wizard
   348 | D:2      | Learned a level 2 spell: Repel Missiles
   402 | D:3      | Found a basalt altar of Yredelemnul.
   409 | D:3      | Found a white marble altar of Elyvilon.
   412 | D:3      | Found an iron altar of Okawaru.
   416 | D:3      | Became a worshipper of Warmaster Okawaru
   492 | D:3      | Reached skill level 1 in Maces & Flails
   575 | D:3      | Reached skill level 3 in Air Magic
   578 | D:3      | Reached XP level 3. HP: 24/28 MP: 2/5
  1007 | D:4      | Found a glowing golden altar of the Shining One.
  1010 | D:4      | Noticed a scorpion
  1036 | D:4      | Found Cueq Vor's Antique Weapon Emporium.
  1044 | D:4      | ...
  1259 | D:5      | Entered Level 5 of the Dungeon
  1284 | D:5      | Found Feimuhi Viro's Book Emporium.
  1288 | D:5      | Found Istelalo's Weapon Shop.
  1296 | D:5      | :(
  1324 | D:5      | Noticed Edmund
  1336 | D:5      | Found Danteuco's Book Emporium.
  1345 | D:5      | Noticed an orc warrior
  1374 | D:5      | Found a staircase to the Ecumenical Temple.
  1383 | D:5      | Noticed an orc warrior
  1401 | D:5      | Noticed a sky beast
  1429 | D:5      | Noticed tp1's ghost (amateur GrBe)
  1444 | D:5      | Killed from afar by an orc priest

Vault maps used:
D:1:      onia_arrival_pentagram
D:3:      grunt_temple_overflow_diamond, item_on_display_a
D:4:      serial_shops, shop, nicolae_shop_crystal, first_bread, tso_metal_star
D:5:      temple_pool_a, serial_shops, shop, nicolae_shop_waterfront, shop,
          shop, shop_statue, abandoned_shop, uniq_edmund

Action                   || total
-------------------------++-------
Melee: Unarmed           ||    11
       Short sword       ||     4
       Morningstar       ||    68
 Cast: Shock             ||    20
       Repel Missiles    ||     1
  Use: Potion            ||     1
       Scroll            ||     6
  Eat: Chunk             ||     1
